 Dungeon Crawl Stone Soup version 0.28.0-47-ge53b351184 (console) character file.

Game seed: 8319434458546242876

7000 Faeu the Protected (level 10, 0/84 HPs)
             Began as a Minotaur Fighter on May 2, 2022.
             Was a Believer of Hepliaklqana.
             Slain by a cyclops (2 damage)
             ... on level 12 of the Dungeon.
             The game lasted 00:25:26 (9866 turns).

Faeu the Protected (Minotaur Fighter)               Turns: 9866, Time: 00:25:26

Health: 0/84       AC: 20    Str: 25    XL:     10   Next: 82%
Magic:  9/9        EV: 22    Int:  5    God:    Hepliaklqana [**....]
Gold:   402        SH:  6    Dex: 10    Spells: 9/9 levels left

rFire   + . .      SeeInvis .   a - +0 war axe {axe}
rCold   . . .      Faith    .   c - +0 buckler
rNeg    . . .      Spirit   .   P - +2 plate armour {rF+}
rPois   .          Reflect  .   (helmet restricted)
rElec   .          Harm     .   (no cloak)
rCorr   .          Rampage  .   (no gloves)
Will    .....                   (no boots)
Stlth   ..........              u - amulet of the acrobat
HPRegen 0.24/turn               A - +4 ring of protection
MPRegen 0.11/turn               I - +4 ring of slaying

@: acrobatic
A: reduced essence, horns 2, retaliatory headbutt
a: Renounce Religion, Recall Ancestor, Ancestor Identity


You were on level 12 of the Dungeon.
You worshipped Hepliaklqana.
Hepliaklqana was pleased with you.
You visited 2 branches of the dungeon, and saw 12 of its levels.

You collected 402 gold pieces.


Innate Abilities, Weirdness & Mutations

Your life essence is reduced to manifest your ancestor. (-10% HP)
You have a pair of horns on your head.
You reflexively headbutt those who attack you in melee.


   Skills:
 + Level 10.6 Fighting
 + Level 10.3 Axes
 + Level 10.7 Armour
 + Level 10.6 Shields


You had 9 spell levels left.
You didn't know any spells.
Your spell library contained the following spells:

 Spells                   Type           Power      Damage    Failure   Level
 Sandblast                Erth           0%         2d4       99%         1
 Passwall                 Tmut/Erth      0%         N/A       100%        2
 Stone Arrow              Conj/Erth      0%         3d7       100%        3
 Summon Lightning Spire   Summ/Air       0%         N/A       100%        4
 Storm Form               Tmut/Air       0%         N/A       100%        7
 Maxwell's Capacitive Co  Air            0%         ∞         100%        8

Inventory:

Hand Weapons
 a - a +0 war axe (weapon) {axe}
 K - a +1 flail of protection {mace}
   (You took it off an orc on level 5 of the Dungeon)
 W - a +0 dagger of venom {short}
   (You took it off an orc on level 9 of the Dungeon)
 X - a +2 trident of flaming {polearm}
   (You took it off an orc warrior on level 9 of the Dungeon)
Missiles
 m - 16 poisoned darts {throwing}
Armour
 c - a +0 buckler (worn)
 g - an orb of guile
   (You found it on level 1 of the Dungeon)
 i - the +0 robe of Deeply Unsettling Fun {Int+3}
   (You found it on level 9 of the Dungeon)

   Int:       It affects your intelligence (+3).
 j - the +3 troll leather armour of Crawling {rC+ Regen+}
   (You found it on level 9 of the Dungeon)

   rC:        It protects you from cold.
   Regen:     It increases your rate of health regeneration.
 l - a +2 robe of willpower
   (You took it off Sigmund on level 2 of the Dungeon)
 y - a +2 chain mail of cold resistance
   (You found it on level 4 of the Dungeon)
 P - a +2 plate armour of fire resistance (worn)
   (You took it off an orc warrior on level 5 of the Dungeon)
Jewellery
 e - a ring of positive energy
   (You found it on level 1 of the Dungeon)
 q - a ring of protection from fire
   (You found it on level 3 of the Dungeon)
 u - an amulet of the acrobat (around neck)
   (You found it on level 3 of the Dungeon)
 A - a +4 ring of protection (left hand)
   (You found it on level 4 of the Dungeon)
 I - a +4 ring of slaying (right hand)
   (You found it on level 5 of the Dungeon)
Wands
 k - a wand of polymorph (6)
   (You found it on level 9 of the Dungeon)
 E - a wand of flame (19)
   (You took it off Blork the orc on level 4 of the Dungeon)
 L - a wand of iceblast (19)
   (You found it on level 5 of the Dungeon)
 V - a wand of acid (8) (quivered)
   (You found it on level 8 of the Dungeon)
Scrolls
 b - a scroll of torment {unknown}
 f - 2 scrolls of silence {!r}
 h - 2 scrolls of enchant armour
 r - 2 scrolls of acquirement
 s - 2 scrolls of enchant weapon
 v - a scroll of magic mapping {unknown}
 B - a scroll of immolation {unknown}
 C - 3 scrolls of fog
 D - 3 scrolls of teleportation {@r4}
 O - a scroll of amnesia {unknown}
 Q - 2 scrolls of fear
 S - a scroll of holy word {unknown}
 T - a scroll of noise {unknown}
 U - a scroll of vulnerability {unknown}
Potions
 d - a potion of might
 n - 2 potions of attraction {!q}
 o - 4 potions of heal wounds {@q2}
 p - a potion of degeneration {unknown}
 z - 3 potions of mutation {!q}
 F - 3 potions of curing {@q1}
 G - 2 potions of cancellation {unknown}
 H - 2 potions of magic {unknown}
 M - a potion of lignification {unknown}
 N - 2 potions of brilliance {unknown}
 R - a potion of flight {unknown}

Dungeon Overview and Level Annotations

Branches:
Dungeon (10/15)            Temple (1/1) D:6
   Lair: D:8-11         Orc: D:9-12

Altars:
Ashenzari
Cheibriados
Dithmenos
Elyvilon
Fedhas
Gozag
Hepliaklqana
Kikubaaqudgha
Makhleb
Nemelex Xobeh
Okawaru
Qazlal
Ru
Sif Muna
Trog
Uskayaw
Vehumet
Wu Jian
Xom
Yredelemnul
Zin
The Shining One

Shops:
D:2 *   D:8 *   D:9 **

Annotations:
D:10 3 runed translucent doors, Bruhh's ghost, journeyman GnIE
D:12 Frances

. .. ## ## .#. #.
.#### ##.#.## #.#....#
#.....# # #...##.#
.##..#..#.#
####J###.### .##
........#.#
#.4..3ED.... ..#
..........#
#.##.J#.D##. ..#
#.##.@#####○##(.#°.##.
..#
#....C...@.○..e)#.J##.
..#
####.B#####.###....J..
J.###### .....#
...###.#..#..
J.....$##
#####.#...............
.........
#......T###.##○#.#
.......## ........#
#.##☼#J# ..######
#.#.....# #......# J.#
..####### ####.### .?#
#.#### #.# ..# .....#
######### #.#


You could see Frances, a boulder beetle and a cyclops.


Message History

Two slime creatures merge to form a large slime creature.
The deep elf pyromancer mumbles some strange words.
The deep elf pyromancer blinks!
The deep elf pyromancer hits you but does no damage.
Two slime creatures merge to form a large slime creature.
You block the deep elf pyromancer's attack.
You see here a scroll of identify {@r1}.
The deep elf pyromancer misses you. You furiously retaliate!
You headbutt the deep elf pyromancer! 😮 HP[+1]
The deep elf pyromancer casts a spell.
The deep elf pyromancer blinks! 😮 HP[+1] 😮 HP[+1] 😮 HP[+1] 😮 HP[+1]
A six-headed hydra comes into view.
The six-headed hydra roars! 😮 HP[+1]
The six-headed hydra bites you! The six-headed hydra misses you.
The six-headed hydra barely misses you.
The six-headed hydra closely misses you. x2
The six-headed hydra completely misses you. 😮 HP[-9]
You take 9 damage, and now have 44/84 hp.
You block the six-headed hydra's attack. x2
The six-headed hydra barely misses you.
The six-headed hydra closely misses you.
The six-headed hydra barely misses you.
You block the six-headed hydra's attack. 😮 HP[+1] 😮 HP[+1]
The slime creature quivers.
The slime creature quivers.
The slime creature quivers.
The six-headed hydra closely misses you.
You furiously retaliate!
You headbutt the six-headed hydra!
The six-headed hydra completely misses you.
You block the six-headed hydra's attack.
The six-headed hydra closely misses you.
The six-headed hydra bites you but does no damage.
The six-headed hydra completely misses you. 😮 HP[+1] 2 slime creatures come into view.
The slime creature quivers. x2
The slime creature misses you. You block the slime creature's attack.
The slime creature hits you but does no damage.
The slime creature misses you. 😮 HP[+1]
The slime creature barely misses you.
Two slime creatures merge to form a large slime creature. 😮 HP[+1]
A large slime creature splits.
The deep elf pyromancer mumbles some strange words.
The deep elf pyromancer blinks!
Two slime creatures merge to form a large slime creature.
The deep elf pyromancer gestures wildly while chanting.
Frances shouts!
You hear a shout!
You block the slime creature's attack.
The deep elf pyromancer gestures wildly while chanting.
The deep elf pyromancer blinks! 😮 HP[+1] Frances barely misses you.
Frances hits you from afar with a +0 trident!
* * * LOW HITPOINT WARNING * * *
😨 HP[-13]
You take 13 damage, and now have 37/84 hp.
Frances whispers indecipherable words.
You hear a screech!
The troll shouts! 😨 HP[+1]
As you read the scroll of fear, it crumbles to dust.
You assume a fearsome visage.
Frances resists with almost no effort.
The ynoxinul looks frightened!
The slime creature looks frightened!
The enormous slime creature looks frightened!
The six-headed hydra looks frightened!
The slime creature looks frightened!
The troll looks frightened!
The fire elemental is unaffected.
Frances barely misses you.
The troll gives up.
Cornered, the ynoxinul turns to fight!
The deep elf pyromancer is engulfed in blazing flames.
The deep elf pyromancer dies! 😨 HP[+1]
A cyclops comes into view.
A boulder beetle comes into view.
The cyclops shouts!
The cyclops throws a large rock.
The large rock hits you!!
* * * LOW HITPOINT WARNING * * *
😱 HP[-27]
You take 27 damage, and now have 12/84 hp.
MASSIVE DAMAGE!! (PAUSE) Frances screams a word of power!
The iron shot hits you!
* * * LOW HITPOINT WARNING * * *
😱 HP[-10]
You take 10 damage, and now have 2/84 hp.
The cyclops hits you.
You die...

Skill      XL: |  1  2  3  4  5  6  7  8  9 10 |
---------------+-------------------------------+-----
Fighting       | 4 5 6 7 9 10 | 10.6
Armour         | 4 5 6 7 9 10 | 10.7
Shields        | 4 5 6 7 9 10 | 10.6
Axes           | 3 4 5 6 7 9 10 | 10.3

Action                   |  1- 3 |  4- 6 |  7- 9 | 10-12 || total
-------------------------+-------+-------+-------+-------++-------
Melee: War axe           |    57 |    89 |   245 |    85 ||   476
       Headbutt          |     7 |    13 |    48 |    17 ||    85
       Trident           |       |       |       |     2 ||     2
Invok: Ancestor Life: He |       |       |       |     1 ||     1
Evoke: Wand              |       |       |       |     5 ||     5
  Use: Scroll            |       |       |    10 |     3 ||    13
Armor: Scale mail        |    29 |    20 |       |       ||    49
       Chain mail        |       |    23 |    27 |       ||    50
       Plate armour      |       |       |   135 |    48 ||   183
Dodge: Dodged            |    33 |    57 |   118 |    51 ||   259
Block: Buckler           |    15 |    21 |    77 |    33 ||   146

Levels and vault maps discovered:
D:1:      minmay_arrival_cross, layout_loops_ring
D:2:      layout_basic, serial_shops, shop_fountains, basic_altar, uniq_sigmund
D:3:      layout_rooms, minmay_misc_feat_square, uniq_robin
D:4:      layout_basic, glass_columns_a, minmay_goblin_kobold_house,
          uniq_blork_the_orc
D:5:      layout_rooms, nicolae_overflow_quartered_altars,
          minmay_misc_feat_more_columns, grunt_ministairs_6,
          kennysheep_generic_room_16
D:6:      layout_loops_corners, minmay_temple_entry_enclosed_plants
D:7:      layout_loops_ring, lemuel_coloured_pillars_altar,
          serial_bayou_crossing
D:8:      layout_basic, zin_purify
D:9:      layout_gridville, bloody_makhleb, erik_lair_island, serial_shops,
          nicolae_shop_stone, kennysheep_little_box, grunt_ministairs_11
D:10:     layout_basic, orc_0_dummy, gammafunk_ghost_nasty_kobolds, uniq_urug
D:12:     layout_loops_cross, uniq_frances
Temple:   regret_index_temple_waves

Notes
Turn   | Place    | Note
-------+----------+-------------------------------------------
     0 | D:1      | Faeu the Minotaur Fighter began the quest for the Orb.
     0 | D:1      | Reached XP level 1. HP: 19/19 MP: 0/0
     0 | D:1      | magus.rc [v1.9.6]
   240 | D:1      | Reached XP level 2. HP: 27/27 MP: 1/1
   666 | D:1      | Reached skill level 4 in Fighting
   682 | D:1      | Reached skill level 4 in Armour
   870 | D:2      | Reached skill level 4 in Shields
   876 | D:2      | Reached skill level 3 in Axes
   876 | D:2      | Reached XP level 3. HP: 23/33 MP: 2/2
  1013 | D:2      | Found Vynis's Assorted Antiques.
  1275 | D:2      | Noticed Sigmund
  1281 | D:2      | Killed Sigmund
  1282 | D:2      | Reached skill level 4 in Axes
  1282 | D:2      | Reached XP level 4. HP: 28/41 MP: 3/3
  1282 | D:2      | Reached XP level 5. HP: 32/47 MP: 4/4
  1389 | D:2      | Found a sacrificial altar of Ru.
  1731 | D:3      | Noticed Robin
  1902 | D:3      | Killed Robin
  1903 | D:3      | Reached skill level 5 in Fighting
  1903 | D:3      | Reached skill level 5 in Armour
  1903 | D:3      | Reached skill level 5 in Shields
  2406 | D:4      | You pick up a book of the Sky and begin reading...
  2406 | D:4      | You add the spells Summon Lightning Spire, Storm Form and
                  | Maxwell's Capacitive Coupling to your library.
  2526 | D:4      | Reached XP level 6. HP: 53/56 MP: 5/5
  2990 | D:4      | Noticed Blork the orc
  3000 | D:4      | Killed Blork the orc
  3267 | D:5      | Entered Level 5 of the Dungeon
  3273 | D:5      | Reached skill level 5 in Axes
  3273 | D:5      | Reached XP level 7. HP: 62/62 MP: 6/6
  3291 | D:5      | HP: 13/62 [orc priest/+0 flail (5)]
  3617 | D:5      | Reached skill level 6 in Fighting
  3617 | D:5      | Reached skill level 6 in Armour
  3617 | D:5      | Reached skill level 6 in Shields
  3927 | D:5      | Found an ancient bone altar of Kikubaaqudgha.
  3927 | D:5      | Found an iron altar of Okawaru.
  3928 | D:5      | Found a hide-covered altar of Uskayaw.
  4034 | D:5      | Noticed a troll
  4042 | D:5      | HP: 14/64 [troll (11)]
  4045 | D:5      | Killed a troll
  4046 | D:5      | Reached skill level 6 in Axes
  4046 | D:5      | Reached XP level 8. HP: 13/71 MP: 7/7
  4408 | D:5      | Reached skill level 7 in Fighting
  4408 | D:5      | Reached skill level 7 in Armour
  4408 | D:5      | Reached skill level 7 in Shields
  4411 | D:5      | Found a radiant altar of Vehumet.
  4808 | D:5      | HP: 7/73 [orc warrior/+0 halberd (19)]
  4810 | D:5      | Reached skill level 7 in Axes
  5311 | D:6      | HP: 18/74 [orc warrior/+0 dire flail (9)]
  5619 | D:6      | Reached XP level 9. HP: 81/81 MP: 8/8
  5635 | D:6      | Reached skill level 8 in Fighting
  5635 | D:6      | Reached skill level 8 in Armour
  5635 | D:6      | Reached skill level 8 in Shields
  6081 | D:6      | Found a staircase to the Ecumenical Temple.
  6087 | Temple   | Entered the Ecumenical Temple
  6255 | Temple   | Became a worshipper of Hepliaklqana the Forgotten
  6332 | D:6      | magus.rc [v1.9.6]
  6789 | D:7      | Reached skill level 8 in Axes
  7259 | D:7      | You pick up a book of Geomancy and begin reading...
  7259 | D:7      | You add the spells Sandblast, Passwall and Stone Arrow to
                  | your library.
  7306 | D:7      | Found a blossoming altar of Fedhas.
  7508 | D:8      | Found Zin's Purification Station.
  7512 | D:8      | Found a glowing silver altar of Zin.
  7764 | D:8      | Reached * piety under Hepliaklqana
  7939 | D:9      | Noticed a troll
  7955 | D:9      | Reached skill level 9 in Shields
  7957 | D:9      | Killed a troll
  7958 | D:9      | Reached skill level 9 in Fighting
  7958 | D:9      | Reached skill level 9 in Armour
  8239 | D:9      | Identified 2 scrolls of acquirement
  8490 | D:9      | Reached skill level 9 in Axes
  8490 | D:9      | Reached XP level 10. HP: 81/81 MP: 9/9
  8564 | D:9      | Found a burning altar of Makhleb.
  8578 | D:9      | Identified the +0 robe of Deeply Unsettling Fun {Int+3}
  8589 | D:9      | Identified the +3 troll leather armour of Crawling {rC+
                  | Regen+}
  8614 | D:9      | Found Fot Hieji's Assorted Antiques.
  8673 | D:9      | Noticed a two-headed ogre
  8683 | D:9      | Killed a two-headed ogre
  8926 | D:9      | Reached skill level 10 in Armour
  8926 | D:9      | Reached skill level 10 in Shields
  8929 | D:9      | Reached skill level 10 in Fighting
  8944 | D:9      | Found Lylu's General Store.
  9329 | D:10     | Entered Level 10 of the Dungeon
  9540 | D:10     | Noticed a seven-headed hydra
  9548 | D:10     | Killed a seven-headed hydra
  9549 | D:10     | Reached skill level 10 in Axes
  9773 | D:10     | Found a runed translucent gate.
  9773 | D:10     | Found a runed translucent gate.
  9775 | D:10     | Found a runed translucent gate.
  9775 | D:10     | Noticed Bruhh's ghost (journeyman GnIE)
  9776 | D:10     | Reached ** piety under Hepliaklqana
  9777 | D:10     | Remembered your ancestor Tlalli as a hexer
  9779 | D:10     | You fall into a shaft and drop 2 floors!
  9782 | D:12     | Noticed Frances
  9793 | D:12     | Noticed a deep elf pyromancer
  9802 | D:12     | Noticed a six-headed hydra
  9804 | D:12     | Noticed a deep elf pyromancer
  9827 | D:12     | Noticed a six-headed hydra
  9858 | D:12     | Noticed an orange demon
  9861 | D:12     | Killed a deep elf pyromancer
  9862 | D:12     | Noticed a cyclops
  9863 | D:12     | Noticed a boulder beetle
  9863 | D:12     | HP: 12/84 [cyclops/large rock (27)]
  9865 | D:12     | HP: 2/84 [Frances/iron shot (11)]
  9866 | D:12     | Slain by a cyclops

Vanquished Creatures
  A hydra (D:10)
  A two-headed ogre (D:9)
  3 trolls
  Sigmund (D:2)
  5 yaks (D:10)
  A wyvern (D:9)
  4 vampire mosquitoes (D:9)
  2 steam dragons
  6 orc warriors
  4 ogres
  2 centaurs
  3 wolves (D:9)
  Blork the orc (D:4)
  3 bullfrogs
  4 water moccasin skeletons
  8 killer bees
  An electric eel (D:9)
  3 howler monkeys
  3 centaur zombies
  A jelly (D:8)
  A gnoll shaman (D:5)
  4 orc priests
  7 hounds
  2 bullfrog skeletons
  6 orc wizards
  4 iguanas
  2 killer bee zombies (D:7)
  A hound zombie (D:5)
  Robin (D:3)
  6 adders
  7 gnolls
  A shadow imp (D:8)
  An ufetubus (D:6)
  An adder skeleton (D:4)
  25 orcs
  3 endoplasms (D:1)
  3 giant cockroaches
  16 hobgoblins
  3 quokkas
  6 ball pythons
  3 bats
  A frilled lizard (D:1)
  13 goblins
  5 kobolds
  8 rats
187 creatures vanquished.

Vanquished Creatures (collateral kills)
  An electric eel (D:9)
  An orc wizard (D:10)
  An orc (D:10)
3 creatures vanquished.

Vanquished Creatures (others)
  A deep elf pyromancer (D:12)
  2 ancestors
3 creatures vanquished.

Grand Total: 193 creatures vanquished

Table legend:
 A = Non-vault XP
 B = Vault XP
 C = Vault XP percentage of total XP
 D = Non-vault monster count
 E = Vault monster count
 F = Vault count percentage of total count
                 A         B        C        D         E       F
            +---------+---------+-------+---------+---------+-------
      Total |    7867 |    2133 |  21.3 |     156 |      34 |  17.9
            +---------+---------+-------+---------+---------+-------
        D:1 |      31 |       0 |   0.0 |      21 |       0 |   0.0
        D:2 |      48 |     220 |  82.1 |       9 |       1 |  10.0
        D:3 |      18 |      34 |  65.4 |      10 |      11 |  52.4
        D:4 |     245 |     103 |  29.6 |      19 |       7 |  26.9
        D:5 |    1181 |     304 |  20.5 |      30 |       4 |  11.8
        D:6 |     908 |       0 |   0.0 |      12 |       0 |   0.0
        D:7 |     797 |       0 |   0.0 |      18 |       0 |   0.0
        D:8 |     316 |       0 |   0.0 |       9 |       0 |   0.0
        D:9 |    2131 |    1472 |  40.9 |      16 |      11 |  40.7
       D:10 |    2192 |       0 |   0.0 |      12 |       0 |   0.0
            +---------+---------+-------+---------+---------+-------

Illustrated notes

Table legend:
 A = Kills in this place as a percentage of kills in entire the game.
 B = Kills by you in this place as a percentage of kills by you in the entire game.
 C = Kills by friends in this place as a percentage of kills by friends in the entire game.
 D = Other kills in this place as a percentage of other kills in the entire game.
 E = Experience gained in this place as a percentage of experience gained in the entire game.
 F = Experience gained in this place divided by the number of levels of this place that you have seen.
                   A       B       C       D       E      F
               +-------+-------+-------+-------+-------+----------------------
         Total | 100.0 | 100.0 | 100.0 |   N/A | 100.0 | 833.3
       Dungeon | 100.0 | 100.0 | 100.0 |   N/A | 100.0 | 909.1
               +-------+-------+-------+-------+-------+----------------------

Table legend: (Time is in decaauts)
 A = Elapsed time spent in this place.
 B = Non-inter-level travel time spent in this place.
 C = Inter-level travel time spent in this place.
 D = Time resting spent in this place.
 E = Time spent auto-exploring this place.
 F = Levels seen in this place.
 G = Mean time per level.
                   A        B        C        D        E       F      G
               +--------+--------+--------+--------+--------+-----+--------+
         Total |   9977 |   9618 |    359 |   1839 |   5035 |  12 |  831.4 |
       Dungeon |   9769 |   9464 |    305 |   1839 |   4896 |  11 |  888.1 |
        Temple |    207 |    153 |     54 |      0 |    139 |   1 |  207.0 |
               +--------+--------+--------+--------+--------+-----+--------+

Top non-repeatable levels by time:
     D:5: 1605 daAuts
     D:9: 1514 daAuts
     D:6: 1386 daAuts
     D:4: 1183 daAuts
     D:2: 932 daAuts
     D:1: 876 daAuts
     D:7: 848 daAuts
     D:3: 563 daAuts
    D:10: 449 daAuts
     D:8: 322 daAuts
  Temple: 207 daAuts
    D:12: 86 daAuts
